 Dungeon Crawl Stone Soup version 0.23.2-40-g277498a001 (webtiles) character file.

Game seed: 5460489111534624256

203 ANON1729 the Chopper (level 5, 0/49 HPs)
             Began as a Naga Gladiator on Sept 19, 2019.
             Slain by a gnoll
             ... wielding a +0 spear
              (5 damage)
             ... on level 3 of the Dungeon.
             The game lasted 00:03:53 (3282 turns).

ANON1729 the Chopper (Naga Gladiator)               Turns: 3282, Time: 00:03:54

Health: 0/49       AC:  4    Str: 17    XL:     5   Next: 81%
Magic:  5/5        EV: 10    Int:  9    God:
Gold:   86         SH:  0    Dex:  9    Spells: 4/4 levels left

rFire    . . .     SeeInvis +   a - +0 war axe
rCold    . . .     Gourm    .   (no shield)
rNeg     . . .     Faith    .   b - +0 leather armour
rPois    +         Spirit   .   c - +0 helmet
rElec    .         Reflect  .   l - scarf {repulsion}
rCorr    .         Harm     .   (no gloves)
MR       .....                  (no barding)
Stlth    +.........             (no amulet)
HPRegen  0.16/turn              p - -3 ring of dexterity (curse)
MPRegen  0.09/turn              (no ring)

@: short of breath, repel missiles, very slow
A: large, see invisible, deformed body, poison resistance, slowness 2, slow
metabolism 1, spit poison 1, AC +1
a: Spit Poison


You were on level 3 of the Dungeon.
You were very hungry.

You visited 1 branch of the dungeon, and saw 3 of its levels.

You collected 86 gold pieces.

Inventory:

Hand Weapons
 a - a +0 war axe (weapon)
Missiles
 d - 3 throwing nets (quivered)
Armour
 b - a +0 leather armour (worn)
 c - a +0 helmet (worn)
 l - a scarf of repulsion (worn)
Jewellery
 p - a cursed -3 ring of dexterity (left hand)
Wands
 q - a wand of flame (27)
Scrolls
 e - 2 scrolls of immolation {unknown}
 i - a scroll of blinking {unknown}
 m - 2 scrolls of enchant weapon {unknown}
 n - 2 scrolls of identify {unknown}
 o - a scroll of amnesia {unknown}
 r - a scroll of enchant armour {unknown}
Potions
 g - 2 potions of degeneration {unknown}
 h - a potion of curing {unknown}
 j - a potion of magic {unknown}
 k - 2 potions of agility {unknown}
Comestibles
 f - 7 rations


   Skills:
 + Level 3.3 Fighting
 + Level 4.0 Axes
 + Level 3.0 Throwing
 + Level 3.3 Dodging


You had 4 spell levels left.
You didn't know any spells.
Your spell library was empty.

Dungeon Overview and Level Annotations

Branches:
Dungeon (3/15)

Altars:
Fedhas
Hepliaklqana
Kikubaaqudgha
Makhleb
Xom
The Shining One

Annotations:
D:2 1 runed translucent door, Crazy Yiuf


Innate Abilities, Weirdness & Mutations

You cannot wear boots.
Your serpentine skin is tough. (AC +1)
You have supernaturally acute eyesight. (SInv)
Armour fits poorly on your strangely shaped body.
Your system is resistant to poisons. (rPois)
You cover ground very slowly.
You have a slow metabolism.
You can spit poison.


Message History

You are too injured to fight recklessly!
You are too injured to fight recklessly!
You are too injured to fight recklessly!
You are too injured to fight recklessly!
You are too injured to fight recklessly!
You are too injured to fight recklessly!
You are too injured to fight recklessly!
You are too injured to fight recklessly!
You are too injured to fight recklessly!
Press: ? - help, Shift-Dir - straight line, f - gnoll
Aim: a gnoll, wielding a +0 spear (moderately wounded)
The splash of poison hits the gnoll.
The gnoll is poisoned.
The gnoll is severely wounded.
You feel slightly more hungry.
The gnoll hits you from afar with a +0 spear.
* * * LOW HITPOINT WARNING * * *
The gnoll hits you with a +0 spear!
* * * LOW HITPOINT WARNING * * *
The gnoll hits you from afar with a +0 spear.
You die...

#.#...♣♣♣..#......
#.#........#.#####
#.#........#.#
#.##########.##
#.##.##.......##
#g##.###.###...#
#g##.#...###...###
#)##.....#.......#
#@####...#........
#.#####..........#
#..............###
#######.####...#
#.# ##.#### #.#
#......
###.####..####
#...........##
#.#.####......


You could see 2 gnolls.

Vanquished Creatures
  A crimson imp (D:3)
  An orc priest (D:3)
  A gnoll (D:3)
  4 adders
  An adder skeleton (D:2)
  2 worms
  3 dart slugs
  A leopard gecko (D:2)
  5 orcs (D:3)
  2 ball pythons
  5 giant cockroaches
  9 goblins
  A hobgoblin (D:3)
  2 quokkas (D:3)
  13 bats
  14 frilled lizards
  A jackal zombie (D:3)
  7 kobolds
  14 rats
87 creatures vanquished.

Notes
Turn   | Place    | Note
-------+----------+-------------------------------------------
     0 | D:1      | ANON1729 the Naga Gladiator began the quest for the Orb.
     0 | D:1      | Reached XP level 1. HP: 19/19 MP: 1/1
    65 | D:1      | Reached XP level 2. HP: 19/26 MP: 2/2
   404 | D:1      | Reached XP level 3. HP: 30/33 MP: 3/3
  1203 | D:2      | Reached XP level 4. HP: 16/40 MP: 4/4
  1504 | D:2      | Found a runed translucent door.
  1505 | D:2      | Noticed Crazy Yiuf
  1558 | D:2      | Found a glowing golden altar of the Shining One.
  2223 | D:3      | Found a blossoming altar of Fedhas.
  2224 | D:3      | Found a hazy altar of Hepliaklqana.
  2224 | D:3      | Found an ancient bone altar of Kikubaaqudgha.
  2259 | D:3      | Reached XP level 5. HP: 30/49 MP: 5/5
  2832 | D:3      | Found a shimmering altar of Xom.
  2833 | D:3      | Found a burning altar of Makhleb.
  2839 | D:3      | Reached skill level 4 in Axes
  3282 | D:3      | Slain by a gnoll

Skill      XL: |  1  2  3  4  5 |
---------------+----------------+-----
Throwing       | 2 3 |  3.0
Dodging        | 3 |  3.3
Fighting       | 3 |  3.3
Axes           | 4 |  4.0

Action                   |  1- 3 |  4- 6 || total
-------------------------+-------+-------++-------
Melee: War axe           |   136 |   130 ||   266
 Abil: Spit Poison       |     2 |     2 ||     4
  Eat: Chunk             |       |     5 ||     5
Armor: Leather armour    |    62 |    41 ||   103
Dodge: Dodged            |    91 |    90 ||   181
       Deflected         |     1 |     1 ||     2
